 Dungeon Crawl Stone Soup version 0.31-a0-851-g7ff8af7976 (webtiles) character file.

Game seed: 2039798269859755270

16 javelincjr the Sneak (level 2, 0/17 HPs)
             Began as an Octopode Hedge Wizard on Oct 5, 2023.
             Killed from afar by Sigmund (15 damage)
             ... with a puff of flame
             ... on level 2 of the Dungeon.
             The game lasted 00:05:14 (1471 turns).

javelincjr the Sneak (Octopode Hedge Wizard)        Turns: 1471, Time: 00:05:14

Health: 0/17       AC:  1    Str:  9    XL:     2   Next: 58%
Magic:  6/6        EV: 13    Int: 16    God:
Gold:   40         SH:  0    Dex: 11    Spells: 4/7 levels left

rFire   . . .        h - +0 dagger (elec)
rCold   . . .        (no shield)
rNeg    . . .        b - +0 hat
rPois   .            (no amulet)
rElec   .            (no ring)
rCorr   .            (no ring)
SInv    .            (no ring)
Will    .....        (no ring)
Stlth   +++          (no ring)
HPRegen 0.22/turn    (no ring)
MPRegen 0.10/turn    (no ring)
                     (no ring)

%: no passive effects
@: no status effects
A: almost no armour, amphibious, 8 rings, camouflage 1, gelatinous body 1,
(nimble swimmer 1), tentacles
a: no special abilities


You were on level 2 of the Dungeon.
You visited 1 branch of the dungeon, and saw 2 of its levels.

You collected 40 gold pieces.

Inventory:

Hand Weapons
 a - a +0 dagger
 h - a +0 dagger of electrocution (weapon)
Armour
 b - a +0 hat (worn)
Jewellery
 l - a ring of ice
Scrolls
 d - a scroll of enchant weapon {unknown}
 e - a scroll of revelation {unknown}
 f - 3 scrolls of noise {unknown}
 g - 6 scrolls of teleportation {unknown}
 i - a scroll of identify {unknown}
Potions
 c - a potion of magic
 j - a potion of enlightenment {unknown}
 k - a potion of heal wounds {unknown}
 m - 2 potions of lignification {unknown}


   Skills:
 + Level 2.2 Dodging
 + Level 3.1 Stealth
 + Level 3.0 Spellcasting
 + Level 1.3 Conjurations
 + Level 1.2 Summonings
 + Level 1.2 Translocations


You had 4 spell levels left.
You knew the following spells:

 Your Spells              Type           Power      Damage    Failure   Level
a - Magic Dart            Conj           24%        1d4       11%         1
b - Call Imp              Summ           12%        N/A       17%         2

Your spell library contained the following spells:

 Spells                   Type           Power      Damage    Failure   Level
 Blink                    Tloc           12%        N/A       17%         2
 Slow                     Hex            8%         N/A       19%         1
 Static Discharge         Conj/Air       8%         2-3/arc   22%         2
 Cigotuvi's Dreadful Rot  Necr/Pois/Air  4%         N/A       28%         2
 Mephitic Cloud           Conj/Pois/Air  3%         N/A       43%         3
 Summon Lightning Spire   Summ/Air       4%         N/A       82%         4
 Airstrike                Air            1%         2d(1-17)  88%         4


Dungeon Overview and Level Annotations

Branches:
Dungeon (2/15)

Altars:

Shops:
D:1 (

Annotations:
D:2 Sigmund


Innate Abilities, Weirdness & Mutations

You cannot wear most types of armour.
You are amphibious.
You can wear up to eight rings at the same time.
Your skin changes colour to match your surroundings (Stealth+).
Your rubbery body absorbs attacks. (AC +1, EV +1)
((You are camouflaged when in or above water. (Stealth+)))
You have tentacles for arms and can constrict up to eight enemies at once.


Message History

Your cerulean imp hits Sigmund but does no damage.
Sigmund points at you and mumbles some strange words.
Your cerulean imp easily resists.
Your cerulean imp hits Sigmund but does no damage.
Sigmund closely misses your cerulean imp.
Your cerulean imp hits Sigmund but does no damage.
Your cerulean imp closely misses Sigmund.
Sigmund misses your cerulean imp.
Your cerulean imp barely misses Sigmund.
Sigmund casts a spell at you.
The puff of flame hits your cerulean imp!
Your cerulean imp is engulfed in a cloud of scalding steam.
Your cerulean imp dies!
Your cerulean imp disappears in a puff of smoke!
Casting: Call Imp (safe; 17% risk of failure)
Confirm with . or Enter, or press ? or * to list all spells.
You miscast Call Imp.
You are very lightly contaminated with residual magic.
Nothing appears to happen.
Casting: Call Imp (safe; 17% risk of failure)
Confirm with . or Enter, or press ? or * to list all spells.
A tiny devil pulls itself out of the air.
Your cerulean imp misses Sigmund.
Your cerulean imp hits Sigmund but does no damage.
Sigmund points at you and mumbles some strange words.
The puff of flame misses your cerulean imp.
The puff of flame hits you!
Ouch! That really hurt!
Your cerulean imp hits Sigmund but does no damage.
Your cerulean imp hits Sigmund but does no damage.
Your cerulean imp hits Sigmund but does no damage.
Your magical contamination has completely faded away.
You start resting.
Your cerulean imp disappears in a puff of smoke!
Magic restored.
Sigmund gestures at you while chanting. The puff of flame hits you!
Ouch! That really hurt!
You die...
Sigmund begins carving another notch in his scythe.

#.# #.# ####.##
######### ......#
#.......#
......####.#####.#
#........#.....###
#..####..#.......#
#....##.†#.....###
##.#.##.#####'@#
#.#....#≈≈≈§#.#
##†####.#..@≈#.#
###.....#.#...≈#.#
.##..##.###?..≈#.#
..........#...≈#.#
......###.'#######
...>..# ...
..###.# .# #


You could see Sigmund.

Vanquished Creatures
  A ball python (D:2)
  2 endoplasms
  A giant cockroach (D:2)
  2 goblins
  A hobgoblin (D:1)
  2 kobolds (D:1)
  A bat (D:1)
  3 frilled lizards (D:2)
  2 rats
15 creatures vanquished.

Notes
Turn   | Place    | Note
-------+----------+-------------------------------------------
     0 | D:1      | javelincjr the Octopode Hedge Wizard began the quest for
                  | the Orb.
     0 | D:1      | Reached XP level 1. HP: 11/11 MP: 4/4
   541 | D:1      | Reached XP level 2. HP: 17/17 MP: 6/6
   548 | D:1      | Found Xuihuqeicw's Antique Weapon Boutique.
   861 | D:2      | Noticed Sigmund
  1024 | D:2      | Learned a level 2 spell: Call Imp
  1471 | D:2      | Killed from afar by Sigmund

Illustrated notes

Levels and vault maps discovered:
D:1:      amcnicky_arrival_flooded_fountain, layout_loops_ring, serial_shops,
          nicolae_shop_waterfront, lemuel_flame_loot_1
D:2:      layout_basic, chequers_serial_rivers_room_a, uniq_sigmund

Skill      XL: |  1  2 |
---------------+-------+-----
Stealth        | 3 |  3.1
Dodging        | |  2.2
Spellcasting   | |  3.0
Conjurations   | |  1.3
Summonings     | |  1.2
Translocations | |  1.2

Action                     || total
---------------------------++-------
  Melee: Dagger            ||    24
         Tentacles         ||     6
         Constrict         ||     5
   Cast: Magic Dart        ||    21
         Call Imp          ||     7
   Stab: Sleeping          ||     5
 Armour: Skin              ||    15
  Dodge: Dodged            ||    12

Table legend: (Time is in decaauts)
 A = Elapsed time spent in this place.
 B = Non-inter-level travel time spent in this place.
 C = Inter-level travel time spent in this place.
 D = Time resting spent in this place.
 E = Time spent auto-exploring this place.
 F = Levels seen in this place.
 G = Mean time per level.
                   A        B        C        D        E       F      G
               +--------+--------+--------+--------+--------+-----+--------+
         Total |   1470 |   1426 |     44 |    481 |    645 |   2 |  735.0 |
       Dungeon |   1470 |   1426 |     44 |    481 |    645 |   2 |  735.0 |
               +--------+--------+--------+--------+--------+-----+--------+

Top non-repeatable levels by time:
     D:2: 753 daAuts
     D:1: 716 daAuts
